 Dungeon Crawl Stone Soup version 0.26.1-10-gdfb7c7de75 (webtiles) character file.

Game seed: 2603379365565001788

62 DwarfAlpaca the Skirmisher (level 4, 0/49 HPs)
             Began as an Ogre Fighter on Apr 4, 2021.
             Slain by a worker ant (1 damage)
             ... on level 4 of the Dungeon.
             The game lasted 00:03:29 (1707 turns).

DwarfAlpaca the Skirmisher (Ogre Fighter)           Turns: 1707, Time: 00:03:30

Health: 0/49       AC:  3    Str: 20    XL:     4   Next: 8%
Magic:  4/4        EV:  8    Int:  9    God:
Gold:   60         SH:  8    Dex:  9    Spells: 3/3 levels left

rFire    . . .     SeeInvis .   a - +0 flail
rCold    . . .     Faith    .   c - +0 kite shield
rNeg     . . .     Spirit   .   b - +0 robe
rPois    .         Reflect  .   (helmet restricted)
rElec    .         Harm     .   (no cloak)
rCorr    .         Rampage  .   (gloves unavailable)
Will     .....                  (boots unavailable)
Stlth    +.........             (no amulet)
HPRegen  0.16/turn              (no ring)
MPRegen  0.09/turn              (no ring)

@: lethally poisoned (0 -> -3)
A: large, unfitting armour, tough skin 1
a: no special abilities


You were on level 4 of the Dungeon.
You visited 1 branch of the dungeon, and saw 3 of its levels.

You collected 60 gold pieces.

Inventory:

Hand Weapons
 a - a +0 flail (weapon)
Armour
 b - a +0 robe (worn)
 c - a +0 kite shield (worn)
Scrolls
 e - 2 scrolls of enchant weapon {unknown}
 g - a scroll of magic mapping {unknown}
 h - a scroll of amnesia {unknown}
 i - 3 scrolls of identify {unknown}
 l - a scroll of remove curse {unknown}
Potions
 d - a potion of might
 f - a potion of degeneration {unknown}
 j - a potion of heal wounds {unknown}
 k - 2 potions of curing {unknown}


   Skills:
 + Level 4.9 Fighting
 * Level 3.3 Maces & Flails
 - Level 2.6 Dodging
 - Level 2.6 Shields


You had 3 spell levels left.
You didn't know any spells.
Your spell library was empty.

Dungeon Overview and Level Annotations

Branches:
Dungeon (2/15)

Altars:
Kikubaaqudgha
Yredelemnul


Innate Abilities, Weirdness & Mutations

You are too large for most types of armour.
You have tough skin. (AC +1)


Message History

You are poisoned.
The worker ant poisons you!
You hit the worker ant but do no damage.
You feel sick.
The worker ant bites you but does no damage.
The orc hits you with a +0 club. The worker ant bites you.
You closely miss the worker ant.
You feel sick. The orc hits you but does no damage. The worker ant bites you!
The orc closely misses you. The worker ant barely misses you.
You closely miss the worker ant.
You feel sick. The worker ant bites you.
* * * LOW HITPOINT WARNING * * *
The orc hits you with a +0 club.
* * * LOW HITPOINT WARNING * * *
You hit the worker ant.
The worker ant is lightly wounded.
You feel sick. The worker ant closely misses you.
The orc hits you with a +0 club!
* * * LOW HITPOINT WARNING * * *
The worker ant bites you.
You die...

########.#
#.#
#....Zoo.#
#.#
#.########
#.# #o# #.#
#o# #.# #.#
#.# #Z# #B#
#.# #@# #.#
#o# #Z####
#o# #...Z#
#o# ####.#
#Z# #.#
#.########.##
#....Z.oo...#
#########.#.#
#.#.#


You could see a worker ant, 3 orcs and a jackal skeleton.

Vanquished Creatures
  A hound (D:4)
  An ooze (D:1)
  A giant cockroach (D:1)
  9 goblins
  2 hobgoblins (D:1)
  8 kobolds (D:1)
  3 bats (D:1)
  A rat (D:1)
26 creatures vanquished.

Notes
Turn   | Place    | Note
-------+----------+-------------------------------------------
     0 | D:1      | DwarfAlpaca the Ogre Fighter began the quest for the Orb.
     0 | D:1      | Reached XP level 1. HP: 24/24 MP: 1/1
   204 | D:1      | Reached XP level 2. HP: 30/32 MP: 2/2
   712 | D:1      | Reached XP level 3. HP: 34/40 MP: 3/3
  1545 | D:2      | You fall into a shaft and drop 2 floors!
  1546 | D:4      | Noticed a scorpion
  1618 | D:4      | Reached XP level 4. HP: 20/49 MP: 4/4
  1623 | D:4      | Found a basalt altar of Yredelemnul.
  1667 | D:4      | Found an ancient bone altar of Kikubaaqudgha.
  1707 | D:4      | HP: 1/49 [orc/+0 club (7)]
  1707 | D:4      | Slain by a worker ant

Illustrated notes

Levels and vault maps discovered:
D:1:      scummos_arrival_star, layout_basic
D:2:      layout_basic, lemuel_coloured_pillars_altar
D:4:      layout_loops_ring, overflow_temple_1_default,
          yredelemnul_altar_generic, serial_shops, shop, corner_web_ring,
          st_stairs_4, solitary_fountain

Skill      XL: |  1  2  3 |
---------------+----------+-----
Maces & Flails | 2 3 |  3.3
Fighting       | |  4.9
Dodging        | |  2.6
Shields        | |  2.6

Action                   |  1- 3 |  4- 6 || total
-------------------------+-------+-------++-------
Melee: Flail             |    93 |     5 ||    98
Armor: Robe              |    22 |     3 ||    25
Dodge: Dodged            |    42 |     3 ||    45
Block: Kite shield       |    51 |     1 ||    52
